 Dungeon Crawl Stone Soup version 0.31-a0-177-g4aa6249778 (webtiles) character file.

Game seed: 14969443488801779617

12929 qw the Cleaver (level 12, -4/76 HPs)
             Began as a Gargoyle Fighter on June 18, 2023.
             Was a Priest of Okawaru.
             Slain by Fannar
             ... wielding a staff of cold
              (17 damage)
             ... on level 1 of the Lair of Beasts.
             The game lasted 00:06:26 (11594 turns).

qw the Cleaver (Gargoyle Fighter)                  Turns: 11594, Time: 00:06:26

Health: -4/76      AC: 28    Str: 22    XL:     12   Next: 0%
Magic:  14/16      EV: 13    Int: 15    God:    Okawaru [***...]
Gold:   1049       SH:  7    Dex: 16    Spells: 11/11 levels left

rFire   + . .        m - +8 war axe of Okawaru's Castigation {venom, *Noise rElec Dex+2 SInv}
rCold   . . .        c - +0 buckler
rNeg    + . .        b - +2 chain mail {rF+}
rPois   inf          j - +0 helmet
rElec   +            (no cloak)
rCorr   .            i - +0 pair of gloves
SInv    +            f - +0 pair of boots
Will    +....        (no amulet)
Stlth   +            h - +6 ring of dexterity
HPRegen 0.32/turn    g - ring of willpower
MPRegen 0.15/turn

%: no passive effects
@: heroic
A: sickness immunity, AC +8, negative energy resistance 1, electricity
resistance, torment resistance 1, petrification resistance, clever 1, evolution
1, MP-powered wands, sturdy frame 1
a: Renounce Religion, Heroism


You were on level 1 of the Lair of Beasts.
You worshipped Okawaru.
Okawaru was most pleased with you.
You visited 2 branches of the dungeon, and saw 12 of its levels.

You collected 1109 gold pieces.
You spent 60 gold pieces at shops.


Innate Abilities, Weirdness & Mutations

You are immune to sickness and miasma.
Your stone body is resilient. (AC +8)
You are immune to poison.
You resist negative energy. (rN+)
You are resistant to electric shocks. (rElec)
You are resistant to unholy torment.
You are immune to petrification.
Your mind is acute. (Int +4, Str/Dex -1)
You have hidden genetic potential.
You expend magic power (3 MP) to strengthen your wands.
Your movements are slightly less encumbered by armour. (ER -2)


   Skills:
 - Level 9.1(14.1) Fighting
 - Level 12.1(17.1) Axes
 - Level 2.0(7.0) Throwing
 - Level 9.1(14.1) Armour
 - Level 3.3(8.3) Dodging
 + Level 5.7(10.7) Shields
 - Level 5.4 Invocations


You had 11 spell levels left.
You didn't know any spells.
Your spell library was empty.

Inventory:

Hand Weapons
 m - the +8 war axe of Okawaru's Castigation (weapon) {venom, *Noise rElec Dex+2 SInv}
   (You found it on level 7 of the Dungeon)

   Dex:       It affects your dexterity (+2).
   rElec:     It insulates you from electricity.
   SInv:      It lets you see invisible.
   *Noise:    It may make noises in combat.
 n - a +0 war axe
 o - a +1 flail of holy wrath
 t - a +0 morningstar
Armour
 b - a +2 chain mail of fire resistance (worn)
 c - a +0 buckler (worn)
 e - a +0 plate armour
 f - a +0 pair of boots (worn)
 i - a +0 pair of gloves (worn)
 j - a +0 helmet (worn)
 q - +0 acid dragon scales
Jewellery
 g - a ring of willpower (right hand)
 h - a +6 ring of dexterity (left hand)
Scrolls
 a - 3 scrolls of identify
 l - a scroll of teleportation
Potions
 d - 2 potions of might
 k - 2 potions of magic
 p - a potion of mutation
 r - a potion of lignification
 s - 3 potions of curing
 u - a potion of enlightenment
 x - a potion of haste

Dungeon Overview and Level Annotations

Branches:
Dungeon (11/15)            Temple (0/1) D:6            Lair (1/5) D:11
    Orc (0/2) D:9

Altars:
Fedhas
Makhleb
Okawaru
Qazlal
Sif Muna
Uskayaw
Wu Jian
Xom
The Shining One

Shops:
D:6 *

Annotations:
Lair:1 Fannar


Message History

You climb downwards.
Welcome to the Lair of Beasts!
There is a staircase back to the Dungeon here.
Waypoint 11 assigned to Lair:1.
Fannar the Cold-Hearted comes into view.
They are wielding a staff of cold and wearing a +1 robe of cold resistance.
Fannar murmurs some mystic words to themself.
Fannar hits you but does no damage. Fannar freezes you!
You hit Fannar.
Fannar is lightly wounded.
You slash Fannar!
Fannar is poisoned.
Fannar is lightly wounded.
Fannar gestures wildly while chanting.
You slice Fannar!!
Fannar looks as sick as possible!
Fannar is heavily wounded.
Fannar hits you with a staff of cold! Fannar freezes you!
You slash Fannar!
Fannar is severely wounded.
You barely miss the ice beast. Fannar barely misses you.
You slash Fannar!
Fannar looks as sick as possible!
Fannar is almost dead.
You hit the ice beast. You block the ice beast's attack.
Fannar gestures wildly while chanting.
Fannar blinks!
You hit the ice beast.
The ice beast is poisoned.
The ice beast is moderately wounded.
The ice beast hits you. The ice beast freezes you!
11593 ||| INVOKING Heroism.
You gain the combat prowess of a mighty hero.
The ice beast barely misses you.
Fannar says, "You will make a fine ice sculpture."
Fannar casts a spell at you. The bolt of cold hits you!!
The bolt of cold hits the ice beast.
The ice beast completely resists.
You closely miss the ice beast.
The ice beast is moderately wounded.
The ice beast hits you. The ice beast freezes you.
Fannar casts a spell.
Fannar drains the heat from the surrounding environment!
You die...

#..#.##.##.####P#..
####..................
......................
........<.............
......................
................?.....
......................
................e.....
...........Y@.........
####.......ยค..........
#.....#..###.####..
....... ## # .......
....... #...... ##.....


You could see Fannar (extremely poisoned) and an ice beast (summoned, very
poisoned).

Vanquished Creatures
  3 two-headed ogres
  Lodul (D:10)
  An orc knight (D:11)
  A cyclops (D:11)
  A manticore (D:11)
  2 rust devils (D:8)
  2 unseen horrors
  A komodo dragon (D:11)
  A troll (D:11)
  Grinder (D:3)
  A shadow (D:9)
  A wraith (D:10)
  A wyvern (D:9)
  2 steam dragons (D:7)
  7 vampire mosquitoes
  5 acid dragons
  15 orc warriors
  An ice beast (D:7)
  A sky beast (D:7)
  8 ogres
  3 centaurs
  5 bullfrogs
  2 scorpions (D:7)
  8 wights
  20 killer bees
  5 howler monkeys
  2 jellies
  A gnoll bouda (D:7)
  5 orc priests
  2 hounds
  3 iguanas
  Terence (D:3)
  A sleepcap (D:5)
  12 orc wizards
  Robin (D:3)
  10 gnolls
  6 adders
  A shadow imp (D:6)
  2 white imps (D:6)
  6 ufetubi
  2 worms
  5 dart slugs
  42 orcs
  8 ball pythons
  3 bats (D:2)
  9 endoplasms
  3 giant cockroaches
  15 goblins
  9 hobgoblins
  4 jackals (D:3)
  7 kobolds
  3 quokkas
  4 frilled lizards
  2 rats
268 creatures vanquished.

Notes
Turn   | Place    | Note
-------+----------+-------------------------------------------
     0 | D:1      | qw the Gargoyle Fighter began the quest for the Orb.
     0 | D:1      | Reached XP level 1. HP: 14/14 MP: 1/1
     0 | D:1      | 0 ||| qw: Version: 0.3-a-7-ge0c9b40
     0 | D:1      | 0 ||| qw: Game counter: 807
     0 | D:1      | 0 ||| qw: Always use a shield: true
     0 | D:1      | 0 ||| qw: God list: Okawaru
     0 | D:1      | 0 ||| qw: Allow faded altars: false
     0 | D:1      | 0 ||| qw: Do Orc after D:15 true
     0 | D:1      | 0 ||| qw: Do second Lair branch before Depths: true
     0 | D:1      | 0 ||| qw: Lair rune preference: random
     0 | D:1      | 0 ||| qw: Plans: Normal, Zot:1-4, Slime:5, God:TSO, Crypt,
                  | Tomb, Abyss, Pan, Hells, Win
     0 | D:1      | 0 ||| PLANNING D:1-11
    55 | D:1      | Reached skill level 2 in Axes
    68 | D:1      | 68 ||| Stepping ~*~*~tactically~*~*~ (stealth).
   170 | D:1      | Reached XP level 2. HP: 19/19 MP: 2/2
   236 | D:1      | 236 ||| Stepping ~*~*~tactically~*~*~ (hiding).
   385 | D:1      | 385 ||| Stepping ~*~*~tactically~*~*~ (hiding).
   388 | D:1      | 388 ||| Stepping ~*~*~tactically~*~*~ (hiding).
   696 | D:1      | 696 ||| DROPPING +0 club.
   741 | D:1      | Reached skill level 3 in Axes
   948 | D:1      | Reached XP level 3. HP: 23/23 MP: 3/3
   959 | D:1      | 959 ||| UPGRADING to +0 chain mail.
   969 | D:1      | 969 ||| DROPPING +0 scale mail.
   970 | D:1      | 970 ||| READING scroll labelled FEROLOCINE.
   971 | D:1      | 971 ||| DRINKING 2 green potions.
  1051 | D:2      | 1051 ||| Stepping ~*~*~tactically~*~*~ (hiding).
  1198 | D:2      | You fall into a shaft and drop 1 floor!
  1198 | D:3      | Found an ornate altar of the Wu Jian Council.
  1198 | D:3      | Found a stormy altar of Qazlal.
  1198 | D:3      | Found a hide-covered altar of Uskayaw.
  1204 | D:3      | 1204 ||| READING 3 scrolls labelled CYSOSH KUF KIT.
  1291 | D:4      | 1291 ||| Stepping ~*~*~tactically~*~*~ (hiding).
  1309 | D:4      | Reached skill level 4 in Axes
  1309 | D:4      | Reached XP level 4. HP: 25/28 MP: 4/4
  1376 | D:4      | 1376 ||| DRINKING 2 potions of curing.
  1376 | D:4      | 1376 ||| (to cure confusion)
  1387 | D:4      | 1387 ||| DROPPING +0 mace.
  1470 | D:4      | Found a blossoming altar of Fedhas.
  1502 | D:4      | Reached XP level 5. HP: 31/32 MP: 5/5
  1585 | D:4      | 1585 ||| STAIRDANCE
  1586 | D:3      | Noticed Terence
  1595 | D:3      | Killed Terence
  1668 | D:3      | 1668 ||| FLEEEEING.
  1669 | D:3      | 1669 ||| FLEEEEING.
  1670 | D:3      | 1670 ||| FLEEEEING.
  1671 | D:3      | 1671 ||| FLEEEEING.
  1724 | D:3      | 1724 ||| Stepping ~*~*~tactically~*~*~ (hiding).
  1816 | D:3      | 1816 ||| Stepping ~*~*~tactically~*~*~ (hiding).
  1947 | D:3      | Found an iron altar of Okawaru.
  1948 | D:3      | 1948 ||| PLANNING OKAWARU WORSHIP
  1951 | D:3      | Reached skill level 5 in Axes
  1951 | D:3      | 1951 ||| UPGRADING to +0 pair of gloves.
  1956 | D:3      | 1956 ||| UPGRADING to +0 helmet.
  1961 | D:3      | 1961 ||| READING scroll labelled HYOSKO YFECA.
  1966 | D:3      | 1966 ||| READING 3 scrolls of identify.
  1966 | D:3      | 1966 ||| IDENTIFYING glowing amethyst potion
  1967 | D:3      | 1967 ||| DROPPING potion of brilliance.
  1994 | D:3      | Became a worshipper of Warmaster Okawaru
  1995 | D:3      | 1995 ||| PLANNING D:1-11
  2042 | D:3      | 2042 ||| Stepping ~*~*~tactically~*~*~ (stealth).
  2048 | D:3      | 2048 ||| Stepping ~*~*~tactically~*~*~ (stealth).
  2068 | D:3      | Noticed Grinder
  2069 | D:3      | 2069 ||| Stepping ~*~*~tactically~*~*~ (hiding).
  2086 | D:3      | Killed Grinder
  2086 | D:3      | Reached * piety under Okawaru
  2087 | D:3      | Reached XP level 6. HP: 28/41 MP: 6/6
  2196 | D:3      | Noticed Robin
  2197 | D:3      | 2197 ||| INVOKING Heroism.
  2215 | D:3      | Killed Robin
  2311 | D:3      | Found a shimmering blue altar of Sif Muna.
  2311 | D:3      | Found a shimmering altar of Xom.
  2311 | D:3      | Found a glowing golden altar of the Shining One.
  2394 | D:3      | 2394 ||| READING scroll labelled MOAVOEQUSA.
  2395 | D:3      | 2395 ||| STAIRDANCE
  2508 | D:2      | 2508 ||| Stepping ~*~*~tactically~*~*~ (hiding).
  2509 | D:2      | 2509 ||| Stepping ~*~*~tactically~*~*~ (hiding).
  2519 | D:2      | 2519 ||| Stepping ~*~*~tactically~*~*~ (stealth).
  2839 | D:2      | Found a faded altar of an unknown god.
  2894 | D:2      | Reached XP level 7. HP: 45/45 MP: 7/7
  3329 | D:4      | 3329 ||| READING 3 scrolls of identify.
  3329 | D:4      | 3329 ||| IDENTIFYING coppery potion
  3330 | D:4      | 3330 ||| DROPPING potion of invisibility.
  3384 | D:5      | Entered Level 5 of the Dungeon
  3713 | D:5      | Reached skill level 1 in Invocations
  3768 | D:5      | 3768 ||| Stepping ~*~*~tactically~*~*~ (stealth).
  3773 | D:5      | 3773 ||| Stepping ~*~*~tactically~*~*~ (stealth).
  3774 | D:5      | 3774 ||| Stepping ~*~*~tactically~*~*~ (stealth).
  3776 | D:5      | 3776 ||| Stepping ~*~*~tactically~*~*~ (hiding).
  3933 | D:5      | 3933 ||| Stepping ~*~*~tactically~*~*~ (hiding).
  3965 | D:5      | 3965 ||| INVOKING Heroism.
  4368 | D:5      | 4368 ||| READING scroll labelled QEMU ETINTINO.
  4369 | D:5      | 4369 ||| READING scroll labelled ISYEPN PEHUXUF.
  4370 | D:5      | 4370 ||| DRINKING 2 fizzy red potions.
  4370 | D:5      | Gained mutation: You occasionally lose the ability to read
                  | scrolls when taking damage. [potion of mutation]
  4370 | D:5      | Gained mutation: You expend magic power (3 MP) to
                  | strengthen your wands. [potion of mutation]
  4370 | D:5      | Gained mutation: You are partially covered in large bone
                  | plates. (SH +4) [potion of mutation]
  4371 | D:5      | 4371 ||| DRINKING potion of mutation.
  4371 | D:5      | Lost mutation: You occasionally lose the ability to read
                  | scrolls when taking damage. [potion of mutation]
  4371 | D:5      | Lost mutation: You expend magic power (3 MP) to strengthen
                  | your wands. [potion of mutation]
  4371 | D:5      | Lost mutation: You are partially covered in large bone
                  | plates. (SH +4) [potion of mutation]
  4371 | D:5      | Gained mutation: You sometimes lose your temper in combat.
                  | [potion of mutation]
  4372 | D:5      | 4372 ||| READING 3 scrolls of identify.
  4372 | D:5      | 4372 ||| IDENTIFYING glowing pink potion
  4406 | D:6      | 4406 ||| STAIRDANCE
  4410 | D:5      | 4410 ||| DRINKING 2 potions of curing.
  4410 | D:5      | 4410 ||| (to cure confusion)
  4412 | D:5      | Reached skill level 6 in Axes
  4421 | D:6      | 4421 ||| Stepping ~*~*~tactically~*~*~ (stealth).
  4423 | D:6      | 4423 ||| Stepping ~*~*~tactically~*~*~ (hiding).
  4428 | D:6      | 4428 ||| INVOKING Heroism.
  4458 | D:6      | 4458 ||| Stepping ~*~*~tactically~*~*~ (stealth).
  4461 | D:6      | 4461 ||| Stepping ~*~*~tactically~*~*~ (stealth).
  4462 | D:6      | 4462 ||| Stepping ~*~*~tactically~*~*~ (stealth).
  4463 | D:6      | 4463 ||| Stepping ~*~*~tactically~*~*~ (stealth).
  4464 | D:6      | 4464 ||| INVOKING Heroism.
  4537 | D:6      | Reached XP level 8. HP: 48/51 MP: 9/9
  4562 | D:6      | Found Biobife's General Store.
  4707 | D:6      | 4707 ||| DROPPING +0 flail.
  4742 | D:6      | 4742 ||| Stepping ~*~*~tactically~*~*~ (stealth).
  4751 | D:6      | 4751 ||| Stepping ~*~*~tactically~*~*~ (stealth).
  4753 | D:6      | 4753 ||| INVOKING Heroism.
  4758 | D:6      | Reached skill level 3 in Invocations
  4836 | D:6      | 4836 ||| Stepping ~*~*~tactically~*~*~ (stealth).
  4838 | D:6      | 4838 ||| Stepping ~*~*~tactically~*~*~ (stealth).
  4870 | D:6      | 4870 ||| Stepping ~*~*~tactically~*~*~ (stealth).
  4872 | D:6      | 4872 ||| FLEEEEING.
  4873 | D:6      | 4873 ||| FLEEEEING.
  4875 | D:6      | 4875 ||| FLEEEEING.
  4879 | D:6      | 4879 ||| FLEEEEING.
  4887 | D:6      | 4887 ||| FLEEEEING.
  4927 | D:6      | 4927 ||| Stepping ~*~*~tactically~*~*~ (stealth).
  4930 | D:6      | 4930 ||| Stepping ~*~*~tactically~*~*~ (stealth).
  5064 | D:6      | 5064 ||| Stepping ~*~*~tactically~*~*~ (stealth).
  5129 | D:6      | Found a staircase to the Ecumenical Temple.
  5162 | D:6      | 5162 ||| Stepping ~*~*~tactically~*~*~ (hiding).
  5429 | D:6      | 5429 ||| Stepping ~*~*~tactically~*~*~ (stealth).
  5471 | D:6      | 5471 ||| Stepping ~*~*~tactically~*~*~ (stealth).
  5474 | D:6      | 5474 ||| Stepping ~*~*~tactically~*~*~ (hiding).
  5475 | D:6      | 5475 ||| Stepping ~*~*~tactically~*~*~ (hiding).
  5476 | D:6      | 5476 ||| Stepping ~*~*~tactically~*~*~ (hiding).
  5477 | D:6      | 5477 ||| INVOKING Heroism.
  5484 | D:6      | Reached skill level 7 in Axes
  5500 | D:6      | 5500 ||| DRINKING potion of curing.
  5500 | D:6      | 5500 ||| (to cure confusion)
  5646 | D:6      | 5646 ||| BUYING potion of might (40 gold).
  5646 | D:6      | Bought a potion of might for 40 gold pieces
  5646 | D:6      | 5646 ||| BUYING scroll of identify (20 gold).
  5646 | D:6      | Bought a scroll of identify for 20 gold pieces
  5676 | D:6      | 5676 ||| UPGRADING to +0 plate armour.
  5686 | D:6      | 5686 ||| DROPPING +0 chain mail.
  5687 | D:6      | 5687 ||| READING scroll labelled POGROAXOLE.
  5960 | D:7      | Identified the +8 war axe of Okawaru's Castigation {venom,
                  | *Noise rElec Dex+2 SInv}
  5962 | D:7      | 5962 ||| SWAPPING to +8 war axe of Okawaru's Castigation
                  | {venom, *Noise rElec Dex+2 SInv}.
  6015 | D:7      | 6015 ||| Stepping ~*~*~tactically~*~*~ (stealth).
  6016 | D:7      | 6016 ||| Stepping ~*~*~tactically~*~*~ (stealth).
  6052 | D:7      | 6052 ||| Stepping ~*~*~tactically~*~*~ (hiding).
  6053 | D:7      | 6053 ||| Stepping ~*~*~tactically~*~*~ (hiding).
  6054 | D:7      | 6054 ||| Stepping ~*~*~tactically~*~*~ (hiding).
  6057 | D:7      | 6057 ||| Stepping ~*~*~tactically~*~*~ (hiding).
  6200 | D:7      | Reached ** piety under Okawaru
  6201 | D:7      | Reached XP level 9. HP: 55/55 MP: 12/12
  6251 | D:7      | 6251 ||| INVOKING Heroism.
  6280 | D:7      | 6280 ||| INVOKING Heroism.
  6345 | D:7      | 6345 ||| INVOKING Heroism.
  6353 | D:7      | Reached skill level 8 in Axes
  6369 | D:7      | 6369 ||| INVOKING Heroism.
  6379 | D:7      | Reached skill level 6 in Fighting
  6428 | D:7      | 6428 ||| Stepping ~*~*~tactically~*~*~ (stealth).
  6529 | D:7      | 6529 ||| INVOKING Heroism.
  6538 | D:7      | 6538 ||| Stepping ~*~*~tactically~*~*~ (cloud).
  6812 | D:7      | 6812 ||| UPGRADING to +0 pair of boots.
  6817 | D:7      | 6817 ||| DROPPING ring of magical power.
  6818 | D:7      | 6818 ||| READING scroll labelled WOCVOTUXTU.
  6819 | D:7      | 6819 ||| READING scroll labelled LADGHYL BOMUOGE.
  6824 | D:8      | 6824 ||| INVOKING Heroism.
  6939 | D:8      | 6939 ||| DRINKING potion of mutation.
  6939 | D:8      | Lost mutation: You sometimes lose your temper in combat.
                  | [potion of mutation]
  6939 | D:8      | Gained mutation: You have hidden genetic potential. [potion
                  | of mutation]
  6939 | D:8      | Gained mutation: Your movements are slightly less
                  | encumbered by armour. (ER -2) [potion of mutation]
  6939 | D:8      | Gained mutation: Your mind is acute. (Int +4, Str/Dex -1)
                  | [potion of mutation]
  7018 | D:8      | 7018 ||| INVOKING Heroism.
  7035 | D:8      | 7035 ||| Stepping ~*~*~tactically~*~*~ (stealth).
  7040 | D:8      | Reached skill level 6 in Armour
  7116 | D:8      | 7116 ||| Stepping ~*~*~tactically~*~*~ (stealth).
  7133 | D:8      | 7133 ||| Stepping ~*~*~tactically~*~*~ (hiding).
  7139 | D:8      | 7139 ||| INVOKING Heroism.
  7145 | D:8      | Reached skill level 9 in Axes
  7291 | D:8      | 7291 ||| Stepping ~*~*~tactically~*~*~ (stealth).
  7293 | D:8      | 7293 ||| Stepping ~*~*~tactically~*~*~ (hiding).
  7298 | D:8      | 7298 ||| INVOKING Heroism.
  7549 | D:8      | 7549 ||| Stepping ~*~*~tactically~*~*~ (hiding).
  7611 | D:8      | 7611 ||| UPGRADING to +6 ring of dexterity.
  7666 | D:9      | 7666 ||| Stepping ~*~*~tactically~*~*~ (stealth).
  7669 | D:9      | 7669 ||| Stepping ~*~*~tactically~*~*~ (hiding).
  7671 | D:9      | 7671 ||| Stepping ~*~*~tactically~*~*~ (hiding).
  7673 | D:9      | 7673 ||| INVOKING Heroism.
  7735 | D:9      | 7735 ||| FLEEEEING.
  7736 | D:9      | 7736 ||| FLEEEEING.
  7737 | D:9      | 7737 ||| FLEEEEING.
  7778 | D:9      | 7778 ||| DROPPING +2 heavy flail.
  7781 | D:9      | Found a staircase to the Orcish Mines.
  7847 | D:9      | Reached XP level 10. HP: 63/63 MP: 13/13
  7900 | D:9      | Found a burning altar of Makhleb.
  7923 | D:9      | Noticed a two-headed ogre
  7924 | D:9      | 7924 ||| Stepping ~*~*~tactically~*~*~ (stealth).
  7934 | D:9      | 7934 ||| Stepping ~*~*~tactically~*~*~ (stealth).
  7936 | D:9      | 7936 ||| Stepping ~*~*~tactically~*~*~ (hiding).
  7939 | D:9      | 7939 ||| INVOKING Heroism.
  7948 | D:9      | Killed a two-headed ogre
  7949 | D:9      | Reached skill level 10 in Axes
  7951 | D:9      | Gained mutation: You expend magic power (3 MP) to
                  | strengthen your wands. [hidden potential]
  8139 | D:9      | 8139 ||| DROPPING scarf of harm.
  8140 | D:9      | 8140 ||| DRINKING 2 orange potions.
  8141 | D:9      | 8141 ||| READING 4 scrolls of identify.
  8141 | D:9      | 8141 ||| IDENTIFYING metallic clear potion
  8142 | D:9      | 8142 ||| READING 3 scrolls of identify.
  8142 | D:9      | 8142 ||| IDENTIFYING smoky brown potion
  8143 | D:9      | 8143 ||| DROPPING potion of degeneration.
  8472 | D:8      | Noticed a rust devil
  8472 | D:8      | Noticed a rust devil
  8473 | D:8      | 8473 ||| INVOKING Heroism.
  8479 | D:8      | Killed a rust devil
  8491 | D:8      | 8491 ||| READING 5 scrolls of teleportation.
  8495 | D:8      | Killed a rust devil
  8495 | D:8      | HP: 6/64 [orc warrior/+1 heavy halberd (14)]
  8496 | D:8      | 8496 ||| DRINKING potion of heal wounds.
  8920 | D:10     | Entered Level 10 of the Dungeon
  8938 | D:10     | Reached *** piety under Okawaru
  8940 | D:10     | 8940 ||| INVOKING Heroism.
  8967 | D:10     | HP: 16/64 [acid dragon/splash of acid (21)]
  8968 | D:10     | 8968 ||| READING 4 scrolls of teleportation.
  8971 | D:10     | 8971 ||| STAIRDANCE
  9162 | D:10     | 9162 ||| Stepping ~*~*~tactically~*~*~ (stealth).
  9222 | D:10     | 9222 ||| Stepping ~*~*~tactically~*~*~ (stealth).
  9230 | D:10     | 9230 ||| INVOKING Heroism.
  9237 | D:10     | Reached XP level 11. HP: 41/68 MP: 11/14
  9241 | D:10     | Reached skill level 11 in Axes
  9256 | D:10     | Noticed Lodul
  9257 | D:10     | 9257 ||| FLEEEEING.
  9400 | D:10     | 9400 ||| Stepping ~*~*~tactically~*~*~ (stealth).
  9403 | D:10     | 9403 ||| Stepping ~*~*~tactically~*~*~ (hiding).
  9406 | D:10     | 9406 ||| Stepping ~*~*~tactically~*~*~ (hiding).
  9408 | D:10     | 9408 ||| Stepping ~*~*~tactically~*~*~ (hiding).
  9414 | D:10     | 9414 ||| INVOKING Heroism.
  9418 | D:10     | Killed Lodul
  9419 | D:10     | Reached skill level 9 in Fighting
  9430 | D:10     | Gained mutation: You have great hidden genetic potential.
                  | [hidden potential]
  9430 | D:10     | Lost mutation: You have great hidden genetic potential.
                  | [hidden potential expressed]
  9575 | D:10     | 9575 ||| Stepping ~*~*~tactically~*~*~ (stealth).
 10026 | D:10     | 10026 ||| Stepping ~*~*~tactically~*~*~ (stealth).
 10028 | D:10     | 10028 ||| Stepping ~*~*~tactically~*~*~ (hiding).
 10029 | D:10     | 10029 ||| Stepping ~*~*~tactically~*~*~ (hiding).
 10071 | D:10     | 10071 ||| UPGRADING to ring of willpower.
 10072 | D:10     | 10072 ||| READING scroll labelled MOMEF YTZEO.
 10073 | D:10     | 10073 ||| READING scroll labelled TADOARESTRA.
 10074 | D:10     | 10074 ||| READING 4 scrolls of identify.
 10074 | D:10     | 10074 ||| IDENTIFYING metallic purple potion
 10075 | D:10     | 10075 ||| READING 3 scrolls of identify.
 10075 | D:10     | 10075 ||| IDENTIFYING black potion
 10128 | D:11     | Noticed a two-headed ogre
 10129 | D:11     | 10129 ||| INVOKING Heroism.
 10135 | D:11     | Killed a two-headed ogre
 10206 | D:11     | 10206 ||| FLEEEEING.
 10207 | D:11     | 10207 ||| FLEEEEING.
 10208 | D:11     | 10208 ||| FLEEEEING.
 10209 | D:11     | 10209 ||| FLEEEEING.
 10210 | D:11     | 10210 ||| FLEEEEING.
 10211 | D:11     | 10211 ||| STAIRDANCE
 10377 | D:11     | Noticed a manticore
 10378 | D:11     | 10378 ||| Stepping ~*~*~tactically~*~*~ (stealth).
 10381 | D:11     | 10381 ||| Stepping ~*~*~tactically~*~*~ (stealth).
 10389 | D:11     | 10389 ||| Stepping ~*~*~tactically~*~*~ (stealth).
 10391 | D:11     | 10391 ||| INVOKING Heroism.
 10399 | D:11     | Killed a manticore
 10573 | D:11     | Noticed an orc knight
 10574 | D:11     | 10574 ||| Stepping ~*~*~tactically~*~*~ (stealth).
 10576 | D:11     | 10576 ||| Stepping ~*~*~tactically~*~*~ (hiding).
 10579 | D:11     | 10579 ||| INVOKING Heroism.
 10594 | D:11     | 10594 ||| INVOKING Heroism.
 10600 | D:11     | Killed an orc knight
 10600 | D:11     | Reached **** piety under Okawaru
 10601 | D:11     | Reached skill level 12 in Axes
 10601 | D:11     | 10601 ||| Stepping ~*~*~tactically~*~*~ (hiding).
 10609 | D:11     | Noticed a cyclops
 10613 | D:11     | HP: 12/71 [orc warrior/+0 scimitar (22)]
 10614 | D:11     | 10614 ||| READING 3 scrolls of teleportation.
 10618 | D:11     | 10618 ||| Stepping ~*~*~tactically~*~*~ (hiding).
 10619 | D:11     | 10619 ||| READING 2 scrolls of teleportation.
 10620 | D:11     | HP: 5/71 [vampire mosquito (9)]
 10897 | D:11     | 10897 ||| Stepping ~*~*~tactically~*~*~ (stealth).
 10927 | D:11     | 10927 ||| Stepping ~*~*~tactically~*~*~ (hiding).
 10932 | D:11     | 10932 ||| INVOKING Heroism.
 11075 | D:11     | 11075 ||| Stepping ~*~*~tactically~*~*~ (stealth).
 11082 | D:11     | 11082 ||| INVOKING Heroism.
 11151 | D:11     | 11151 ||| INVOKING Heroism.
 11194 | D:11     | 11194 ||| INVOKING Heroism.
 11223 | D:11     | Reached skill level 9 in Armour
 11284 | D:11     | 11284 ||| INVOKING Heroism.
 11289 | D:11     | Killed a cyclops
 11328 | D:11     | 11328 ||| INVOKING Heroism.
 11358 | D:11     | 11358 ||| FLEEEEING.
 11359 | D:11     | 11359 ||| FLEEEEING.
 11363 | D:11     | 11363 ||| FLEEEEING.
 11364 | D:11     | 11364 ||| FLEEEEING.
 11365 | D:11     | 11365 ||| FLEEEEING.
 11366 | D:11     | 11366 ||| FLEEEEING.
 11367 | D:11     | 11367 ||| FLEEEEING.
 11371 | D:11     | 11371 ||| FLEEEEING.
 11372 | D:11     | 11372 ||| FLEEEEING.
 11376 | D:11     | 11376 ||| FLEEEEING.
 11377 | D:11     | 11377 ||| FLEEEEING.
 11378 | D:11     | 11378 ||| FLEEEEING.
 11379 | D:11     | 11379 ||| FLEEEEING.
 11380 | D:11     | 11380 ||| FLEEEEING.
 11381 | D:11     | 11381 ||| FLEEEEING.
 11382 | D:11     | 11382 ||| FLEEEEING.
 11383 | D:11     | 11383 ||| FLEEEEING.
 11384 | D:11     | 11384 ||| FLEEEEING.
 11385 | D:11     | 11385 ||| FLEEEEING.
 11386 | D:11     | 11386 ||| FLEEEEING.
 11387 | D:11     | 11387 ||| FLEEEEING.
 11388 | D:11     | 11388 ||| FLEEEEING.
 11389 | D:11     | 11389 ||| FLEEEEING.
 11390 | D:11     | 11390 ||| FLEEEEING.
 11391 | D:11     | 11391 ||| STAIRDANCE
 11393 | D:10     | 11393 ||| UPGRADING to +2 chain mail of fire resistance.
 11408 | D:11     | Noticed a two-headed ogre
 11409 | D:11     | 11409 ||| INVOKING Heroism.
 11421 | D:11     | Killed a two-headed ogre
 11422 | D:11     | Reached skill level 3 in Dodging
 11422 | D:11     | Reached XP level 12. HP: 63/76 MP: 14/16
 11515 | D:11     | Found a staircase to the Lair.
 11548 | D:11     | 11548 ||| PLANNING LAIR
 11575 | Lair:1   | Entered Level 1 of the Lair of Beasts
 11583 | Lair:1   | Noticed Fannar
 11593 | Lair:1   | 11593 ||| INVOKING Heroism.
 11594 | Lair:1   | HP: 19/76 [ice beast[Fannar] (2)]
 11594 | Lair:1   | Slain by Fannar

Levels and vault maps discovered:
D:1:      pf_arrival_petrified_forest, layout_basic, minivault_27
D:2:      layout_loops_ring, hellmonk_ecumenical_altar_arch_garden
D:3:      layout_rooms, nicolae_overflow_hidden_temple,
          mainiacjoe_overflow_surrounded_room,
          gammafunk_temple_overflow_forgotten, uniq_robin, uniq_grinder,
          uniq_terence
D:4:      layout_basic, mainiacjoe_overflow_alcove_4
D:5:      layout_loops_cross, serial_co_window_serial, co_window_paths_a,
          co_window_paths_a, co_window_paths_a, co_window_corner_a,
          co_window_paths_a, co_window_of_opportunity_b,
          co_window_of_opportunity_b, co_window_of_opportunity_b,
          co_window_paths_d, glass_columns_a, glass_columns_b,
          nicolae_concentric_dashed_squares_mild
D:6:      layout_loops_ring, minmay_temple_entry_arrows, serial_shops,
          nicolae_shop_tiny_glass, nrook_mini_backslash
D:7:      minmay_inner_zag, layout_basic
D:8:      cheibrodos_iron_armory, layout_rooms, serial_aquarium,
          aquarium_bridge_straight [aquarium_subvault_bridge,
          aquarium_subvault_window, aquarium_subvault_bridge,
          aquarium_subvault_wall], aquarium_bridge_square
          [aquarium_subvault_wall, aquarium_subvault_bridge,
          aquarium_subvault_wall, aquarium_subvault_bridge],
          aquarium_window_fake, aquarium_window_1, aquarium_window_fake,
          aquarium_window_fake, aquarium_view_2c, aquarium_view_2e,
          aquarium_pool_1
D:9:      layout_loops_ring, mainiacjoe_overflow_boulevard, orc_david_3,
          kb_lookout_dungeons_type
D:10:     layout_cave_pods, uniq_lodul
D:11:     layout_roguey [special_room_orc], david_lair_shrubbed
Lair:1:   beast_lair_carwin_large_3, layout_hall_layers, uniq_fannar

Skill      XL: |  1  2  3  4  5  6  7  8  9 10 11 |
---------------+----------------------------------+-----
Axes           | 2 3 4 5 6 7 9 10 12 | 12.1
Fighting       | 5 7 8 9 |  9.1
Invocations    | 2 4 5 |  5.4
Dodging        | 2 3 |  3.3
Armour         | 5 6 8 9 |  9.1
Throwing       | 2 |  2.0
Shields        | 4 5 |  5.7

Action                     |  1- 3 |  4- 6 |  7- 9 | 10-12 || total
---------------------------+-------+-------+-------+-------++-------
  Melee: War axe           |    99 |   165 |   330 |   282 ||   876
  Throw: Boomerang         |       |       |    26 |    49 ||    75
 Invoke: Heroism           |       |     1 |    15 |    17 ||    33
    Use: Scroll            |     2 |     3 |     7 |    10 ||    22
         Potion            |     1 |     1 |     5 |     2 ||     9
 Armour: Scale mail        |    28 |       |       |       ||    28
         Chain mail        |    27 |   140 |   119 |     5 ||   291
         Plate armour      |       |       |   100 |   133 ||   233
  Dodge: Dodged            |    38 |    47 |   111 |   118 ||   314
  Block: Buckler           |    24 |    35 |    79 |    62 ||   200

Table legend:
 A = Non-vault XP
 B = Vault XP
 C = Vault XP percentage of total XP
 D = Non-vault monster count
 E = Vault monster count
 F = Vault count percentage of total count
                 A         B        C        D         E       F
            +---------+---------+-------+---------+---------+-------
      Total |   12376 |    6094 |  33.0 |     207 |      61 |  22.8
            +---------+---------+-------+---------+---------+-------
        D:1 |      34 |       0 |   0.0 |      19 |       0 |   0.0
        D:2 |      73 |       0 |   0.0 |      18 |       0 |   0.0
        D:3 |      33 |     373 |  91.9 |      17 |      14 |  45.2
        D:4 |     136 |       0 |   0.0 |      17 |       0 |   0.0
        D:5 |     275 |       0 |   0.0 |      17 |       0 |   0.0
        D:6 |     867 |       0 |   0.0 |      35 |       0 |   0.0
        D:7 |     906 |     424 |  31.9 |      13 |       5 |  27.8
        D:8 |    1162 |    1004 |  46.4 |      20 |       3 |  13.0
        D:9 |    2367 |     263 |  10.0 |      18 |       6 |  25.0
       D:10 |    2198 |    1593 |  42.0 |      20 |       8 |  28.6
       D:11 |    4325 |    2437 |  36.0 |      13 |      25 |  65.8
            +---------+---------+-------+---------+---------+-------
